 Dungeon Crawl Stone Soup version 0.29.0-11-gd7f09526c8 (webtiles) character file.

Game seed: 4931991416890606127

9797 experimilk the Basher (level 11, -21/85 HPs)
             Began as a Palentonga Fighter on Sept 3, 2022.
             Was a Priest of Nemelex Xobeh.
             Demolished by a white ugly thing (30 damage)
             ... on level 10 of the Dungeon.
             The game lasted 00:32:52 (13764 turns).

experimilk the Basher (Palentonga Fighter)         Turns: 13764, Time: 00:32:53

Health: -21/85     AC: 24    Str: 26    XL:     11   Next: 27%
Magic:  0/15       EV:  9    Int:  8    God:    Nemelex Xobeh [***...]
Gold:   57         SH:  8    Dex: 10    Spells: 10/10 levels left

rFire   + . .      SeeInvis +   A - +7 flail (protect)
rCold   . . .      Faith    .   L - +0 kite shield
rNeg    . . .      Spirit   +   t - +0 chain mail
rPois   .          Reflect  .   l - +1 helmet
rElec   .          Harm     .   (no cloak)
rCorr   .          Rampage  .   (no gloves)
Will    .....                   (no barding)
Stlth   ..........              r - amulet of guardian spirit
HPRegen 0.24/turn               I - +4 ring of evasion
MPRegen 0.14/turn               F - ring of protection from fire

@: about to teleport, under a protective aura, curled up
A: large, rugged brown scales 3, see invisible, deformed body, roll 1, armoured
tail, reflexive curl
a: Rolling Charge, Renounce Religion, Draw Escape, Draw Destruction, Draw
Summoning, Triple Draw


You were on level 10 of the Dungeon.
You worshipped Nemelex Xobeh.
Nemelex Xobeh was most pleased with you.
You visited 1 branch of the dungeon, and saw 11 of its levels.
You visited 1 bazaar.

You collected 649 gold pieces.
You spent 592 gold pieces at shops.

Inventory:

Hand Weapons
 c - a +0 morningstar
 A - a +7 flail of protection (weapon)
Armour
 l - a +1 helmet (worn)
 t - a +0 chain mail (worn)
 H - a +0 plate armour
 L - a +0 kite shield (worn)
Jewellery
 a - a ring of ice
 r - an amulet of guardian spirit (around neck)
 F - a ring of protection from fire (right hand)
 I - a +4 ring of evasion (left hand)
Wands
 b - a wand of light (5)
 q - a wand of charming (10)
 y - a wand of mindburst (8)
 D - a wand of polymorph (3)
 E - a wand of flame (13) (quivered)
 J - a wand of roots (8)
Scrolls
 e - 3 scrolls of teleportation
 f - 2 scrolls of poison
 j - a scroll of silence
 k - 2 scrolls of enchant weapon
 n - 2 scrolls of torment {unknown}
 s - a scroll of amnesia
 v - a scroll of blinking {unknown}
 z - a scroll of magic mapping
 B - a scroll of identify
 C - a scroll of fog {unknown}
 K - a scroll of enchant armour
Potions
 d - 2 potions of might
 g - 4 potions of curing
 h - 2 potions of mutation
 i - 2 potions of lignification
 m - 2 potions of cancellation
 o - 3 potions of flight
 p - a potion of haste
 u - 4 potions of attraction
 w - 2 potions of magic {unknown}
 x - a potion of ambrosia {unknown}
 G - 3 potions of heal wounds


   Skills:
 + Level 5.5 Fighting
 - Level 6.7(10.7) Axes
 * Level 12.9(13.5) Maces & Flails
 + Level 4.2 Armour
 + Level 3.3 Shields
 - Level 6.0 Invocations
 - Level 5.0 Evocations


You had 10 spell levels left.
You didn't know any spells.
Your spell library contained the following spells:

 Spells                   Type           Power      Damage    Failure   Level
 Slow                     Hex            0%         N/A       100%        1
 Ensorcelled Hibernation  Hex/Ice        0%         N/A       100%        2
 Static Discharge         Conj/Air       0%         3-3/arc   100%        2
 Confusing Touch          Hex            0%         N/A       100%        3
 Spider Form              Tmut/Pois      0%         N/A       100%        3
 Vampiric Draining        Necr           0%         2d6       100%        3
 Airstrike                Air            0%         2d(0-16)  100%        4
 Anguish                  Hex/Necr       0%         N/A       100%        4
 Dispel Undead            Necr           0%         3d6       100%        4
 Sticky Flame             Conj/Fire      0%         2d3       100%        4
 Summon Lightning Spire   Summ/Air       0%         N/A       100%        4
 Lightning Bolt           Conj/Air       0%         1d11      100%        5


Dungeon Overview and Level Annotations

Branches:
Dungeon (11/15)            Temple (0/1) D:6            Lair (0/5) D:11
    Orc (0/2) D:11

Altars:
Cheibriados
Dithmenos
Elyvilon
Fedhas
Hepliaklqana
Makhleb
Nemelex Xobeh
Wu Jian
Yredelemnul
Zin


Innate Abilities, Weirdness & Mutations

You are completely covered in rugged brown scales. (AC +3, +7% HP)
You have supernaturally acute eyesight. (SInv)
Armour fits poorly on your strangely shaped body.
You can roll at nearby foes to attack.
You have a long armoured tail.
You curl defensively after being hit. (AC +7*)


Message History

Done exploring.
You climb downwards.
The centaur warrior simulacrum completely misses you.
The centaur warrior simulacrum barely misses you.
The wyvern misses you.
The centaur warrior simulacrum hits you but does no damage.
The centaur warrior simulacrum kicks you but does no damage.
The white ugly thing stings you. The white ugly thing freezes you!
The wyvern misses you.
There is a stone staircase leading up here.
The centaur warrior simulacrum hits you.
The centaur warrior simulacrum freezes you!!
The centaur warrior simulacrum kicks you but does no damage.
The white ugly thing stings you but does no damage.
The wyvern bites you! The cyclops hits you.
You block the centaur warrior simulacrum's attack.
The centaur warrior simulacrum kicks you but does no damage.
You climb upwards.
There is a stone staircase leading down, spattered with blood here.
As you read the scroll of teleportation, it crumbles to dust.
You feel strangely unstable. The wyvern bites you!
The white ugly thing closely misses you.
The wyvern bites you.
You feel much better.
The white ugly thing stings you but does no damage.
The wyvern barely misses you.
You barely miss the wyvern. The wyvern bites you!
The white ugly thing stings you. The white ugly thing freezes you!!
* * * LOW HITPOINT WARNING * * *
The wyvern bites you but does no damage.
Unknown command.
You thump the wyvern!
Your weapon exudes an aura of protection.
You tail-slap the wyvern, but do no damage.
The wyvern is moderately wounded.
The white ugly thing stings you!
* * * LOW HITPOINT WARNING * * *
The white ugly thing freezes you!!
You die...
Your body disappears without a glow.

.#### #........#..#.####
## #..##............#
#..##.........##.#
####..###........##.#
#.......#......####.#
#.##.<.......### #.#
#.##.##.####.######>###
#....##l##.....##.....#
#..####@##.....##.....##
#..####u##.....##.......
##......C##.....##.....#.
#.......###.....##.....#.
#.#.###.# ##########.....
#.#.###.####### #...##
#.#..##.......# #.....
#.##.##.#####.# #.....
#.##.##.#####.########.##


You could see a white ugly thing, a cyclops and a wyvern.

Vanquished Creatures
  A hydra (D:10)
  Pikel (D:6)
  Joseph (D:7)
  An unseen horror (D:5)
  A tengu conjurer (D:10)
  A troll (D:10)
  Grinder (D:3)
  Sigmund (D:3)
  Grum (D:9)
  11 yaks
  A vampire (D:10)
  A wraith (D:9)
  A wyvern (D:7)
  2 steam dragons (D:8)
  Menkaure (D:7)
  Edmund (D:4)
  A water moccasin (D:8)
  An ice beast (D:7)
  An orc warrior (D:6)
  A swamp drake (D:7)
  A sky beast (D:7)
  3 wolves (D:9)
  7 centaurs
  An ogre (D:7)
  A phantom (D:6)
  4 bullfrogs
  2 kobold brigands
  4 necrophages
  A gnoll sergeant (D:10)
  3 scorpions
  An electric eel (D:8)
  A howler monkey (D:7)
  2 hounds
  4 orc priests
  5 jellies
  Jessica (D:2)
  A gnoll bouda (D:4)
  An iguana (D:6)
  Ijyb (D:4)
  Natasha (twice) (D:2)
  4 orc wizards
  A mummy (D:11)
  12 gnolls
  18 adders
  2 white imps (D:7)
  4 worms
  A dart slug (D:1)
  24 orcs
  6 bats
  8 endoplasms
  A giant cockroach (D:1)
  14 goblins
  12 hobgoblins
  12 jackals
  A quokka (D:3)
  8 ball pythons
  2 frilled lizards (D:2)
  16 kobolds
  8 rats
231 creatures vanquished.

Vanquished Creatures (collateral kills)
  A boulder beetle (D:9)
  Maggie (D:9)
  3 yaks (D:9)
5 creatures vanquished.

Vanquished Creatures (others)
  A wolf (D:9)
  An endoplasm (D:4)
  14 plants
16 creatures vanquished.

Grand Total: 252 creatures vanquished

Notes
Turn   | Place    | Note
-------+----------+-------------------------------------------
     0 | D:1      | experimilk the Palentonga Fighter began the quest for the
                  | Orb.
     0 | D:1      | Reached XP level 1. HP: 19/19 MP: 1/1
    30 | D:1      | Reached XP level 2. HP: 24/25 MP: 2/2
   433 | D:1      | Found a faded altar of an unknown god.
   477 | D:1      | Reached XP level 3. HP: 31/31 MP: 3/3
  1243 | D:2      | Reached XP level 4. HP: 26/37 MP: 4/4
  2010 | D:3      | Found a sparkling altar of Nemelex Xobeh.
  2130 | D:3      | Became a worshipper of Nemelex Xobeh the Trickster
  2136 | D:3      | Reached XP level 5. HP: 35/43 MP: 5/5
  2226 | D:3      | Noticed Grinder
  2231 | D:3      | Paralysed by Grinder for 3 turns
  2238 | D:3      | HP: 1/43 [Grinder (5)]
  2239 | D:3      | Killed Grinder
  2240 | D:3      | Reached skill level 5 in Axes
  2240 | D:3      | Reached XP level 6. HP: 1/50 MP: 5/8
  2578 | D:3      | Noticed Jessica
  2578 | D:3      | Noticed Natasha
  2579 | D:3      | Noticed Sigmund
  2594 | D:2      | Killed Jessica
  2594 | D:2      | Killed Natasha
  3004 | D:2      | Noticed Natasha
  3012 | D:2      | Killed Natasha
  3622 | D:3      | Killed Sigmund
  3623 | D:3      | Gained mutation: You curl defensively after being hit. (AC
                  | +7*) [Palentonga growth]
  3623 | D:3      | Reached XP level 7. HP: 43/55 MP: 5/10
  3883 | D:4      | Noticed Ijyb
  3891 | D:4      | Killed Ijyb
  3898 | D:4      | Reached skill level 5 in Invocations
  3901 | D:4      | HP: 2/55 [orc priest/divine providence (10)]
  4658 | D:4      | Reached * piety under Nemelex Xobeh
  4843 | D:4      | Reached skill level 1 in Maces & Flails
  4998 | D:4      | Noticed Edmund
  5008 | D:4      | Killed Edmund
  5009 | D:4      | Reached skill level 2 in Maces & Flails
  5009 | D:4      | Reached skill level 1 in Evocations
  5009 | D:4      | Reached XP level 8. HP: 43/62 MP: 7/12
  5250 | D:5      | Entered Level 5 of the Dungeon
  5401 | D:5      | Found a burning altar of Makhleb.
  5480 | D:5      | Noticed an unseen horror
  5492 | D:5      | Reached skill level 3 in Maces & Flails
  5495 | D:5      | Killed an unseen horror
  5496 | D:5      | Reached skill level 4 in Maces & Flails
  5511 | D:5      | Received a gift from Nemelex Xobeh
  6210 | D:5      | Found a white marble altar of Elyvilon.
  6423 | D:6      | Reached skill level 5 in Maces & Flails
  6430 | D:6      | Reached skill level 6 in Maces & Flails
  6432 | D:6      | Reached XP level 9. HP: 54/67 MP: 11/13
  6434 | D:6      | Reached skill level 7 in Maces & Flails
  6497 | D:6      | Found a staircase to the Ecumenical Temple.
  6751 | D:6      | Noticed Pikel
  6758 | D:6      | Killed Pikel
  6759 | D:6      | Reached skill level 8 in Maces & Flails
  6856 | D:6      | Found an ornate altar of the Wu Jian Council.
  6990 | D:6      | Reached ** piety under Nemelex Xobeh
  7134 | D:6      | Reached skill level 9 in Maces & Flails
  7392 | D:7      | Noticed Menkaure
  7411 | D:7      | Killed Menkaure
  7439 | D:7      | Reached skill level 10 in Maces & Flails
  7832 | D:7      | Noticed Joseph
  7834 | D:7      | Killed Joseph
  7835 | D:7      | Reached skill level 11 in Maces & Flails
  7835 | D:7      | Reached XP level 10. HP: 74/74 MP: 14/14
  7926 | D:7      | Received a gift from Nemelex Xobeh
  8257 | D:7      | Found a glowing silver altar of Zin.
  8530 | D:8      | Found a basalt altar of Yredelemnul.
  8531 | D:8      | Found a hazy altar of Hepliaklqana.
  8894 | D:8      | Reached *** piety under Nemelex Xobeh
  8972 | D:8      | Received a gift from Nemelex Xobeh
  9300 | D:8      | Found a shadowy altar of Dithmenos.
  9734 | D:9      | Noticed Grum
  9745 | D:9      | Killed Grum
 10111 | D:9      | Received a gift from Nemelex Xobeh
 10493 | D:9      | Noticed a boulder beetle
 10510 | D:9      | Killed a boulder beetle
 10511 | D:9      | Reached skill level 12 in Maces & Flails
 11015 | D:9      | Noticed Maggie
 11029 | D:9      | Killed Maggie
 11038 | D:9      | Reached XP level 11. HP: 42/83 MP: 7/15
 11389 | D:10     | Entered Level 10 of the Dungeon
 11490 | D:10     | Reached skill level 5 in Fighting
 11503 | D:10     | HP: 1/84 [yak (5)]
 12015 | D:10     | Received a gift from Nemelex Xobeh
 12108 | D:10     | Reached skill level 5 in Evocations
 12231 | D:10     | Found a blossoming altar of Fedhas.
 12664 | D:11     | Noticed a white ugly thing
 12664 | D:11     | Noticed a six-headed hydra
 12664 | D:11     | Noticed a six-headed hydra
 12664 | D:11     | Noticed a tengu warrior
 12719 | D:11     | Received a gift from Nemelex Xobeh
 12726 | D:11     | Found a flickering gateway to a bazaar.
 12746 | Bazaar   | Entered a bazaar
 12760 | Bazaar   | Found Cuppera's Jewellery Shoppe.
 12760 | Bazaar   | Found Tevehimo's Weapon Emporium.
 12778 | Bazaar   | Bought a +0 morningstar for 36 gold pieces
 12789 | Bazaar   | Found Coani's Magic Scroll Shoppe.
 12789 | Bazaar   | Found Wotzig's Distillery.
 12801 | Bazaar   | Bought 2 scrolls of teleportation for 60 gold pieces
 12801 | Bazaar   | Bought a scroll of enchant weapon for 75 gold pieces
 12801 | Bazaar   | Bought a scroll of poison for 40 gold pieces
 12801 | Bazaar   | Bought a scroll of identify for 20 gold pieces
 12801 | Bazaar   | Bought a scroll of enchant armour for 75 gold pieces
 12807 | Bazaar   | Bought a potion of cancellation for 88 gold pieces
 12807 | Bazaar   | Bought a potion of haste for 110 gold pieces
 12807 | Bazaar   | Bought a potion of heal wounds for 55 gold pieces
 12807 | Bazaar   | Bought a potion of curing for 33 gold pieces
 12818 | Bazaar   | Found Yguonara's Jewellery Shoppe.
 12885 | D:11     | Found a staircase to the Orcish Mines.
 12912 | D:11     | Found a snail-covered altar of Cheibriados.
 13575 | D:10     | Killed a six-headed hydra
 13764 | D:10     | Demolished by a white ugly thing

Illustrated notes

Levels and vault maps discovered:
D:1:      co_arrival_hall_of_pillars, layout_basic,
          ebering_ecumenical_altar_box, nrook_loot_triangle
D:2:      layout_loops_cross, minmay_vboxes
D:3:      layout_rooms, mainiacjoe_overflow_paths, uniq_grinder, uniq_natasha,
          uniq_jessica, uniq_sigmund
D:4:      layout_cave_pods, minmay_fractal_squares_gapless_5, uniq_edmund,
          uniq_ijyb
D:5:      layout_rooms, mainiacjoe_overflow_concentric_impassable,
          nicolae_overflow_crystal_walls, serial_corexii_hall,
          chequers_hall_statues_y, corexii_hall_statues_u
D:6:      layout_loops_ring, nicolae_wu_jian_wuxing_cycle,
          minmay_temple_entry_sparse_star, serial_glass, glass_columns_a,
          glass_columns_b, due_unseen_surprise, minmay_strange_pillars,
          grunt_ministairs_4, uniq_pikel
D:7:      corexii_shack_village, layout_basic, zin_academy, uniq_menkaure,
          uniq_joseph
D:8:      layout_basic, nicolae_overflow_squiral, kennysheep_little_box,
          serial_bayou_pond_c
D:9:      layout_loops_corners, uniq_maggie, uniq_grum
D:10:     layout_loops_cross, mainiacjoe_overflow_tiny_flanked,
          serial_park_tiny_pond, evilmike_butchery
D:11:     minmay_ambush_box, layout_basic, erik_lair_dragon, orc_0_dummy,
          serial_shops, bzr_entry_customers, chei_slow_surprise

Skill      XL: |  1  2  3  4  5  6  7  8  9 10 11 |
---------------+----------------------------------+-----
Shields        | 3 |  3.3
Axes           | 3 4 5 6 |  6.7
Armour         | 3 4 |  4.2
Invocations    | 3 4 5 6 |  6.0
Maces & Flails | 2 6 11 12 | 12.9
Evocations     | 1 3 4 5 |  5.0
Fighting       | 4 5 |  5.5

Action                   |  1- 3 |  4- 6 |  7- 9 | 10-12 || total
-------------------------+-------+-------+-------+-------++-------
Melee: War axe           |    81 |    87 |    34 |       ||   202
       Tailslap          |    11 |    11 |    23 |    28 ||    73
       Flail             |       |       |   178 |   186 ||   364
Invok: Draw Destruction  |       |       |     4 |     6 ||    10
       Triple Draw       |       |       |       |     3 ||     3
       Draw Summoning    |       |       |       |     3 ||     3
       Draw Escape       |       |       |       |     3 ||     3
 Abil: Rolling Charge    |    24 |    19 |    49 |    27 ||   119
Evoke: Wand              |       |       |    16 |    10 ||    26
  Use: Scroll            |     3 |     1 |     6 |     8 ||    18
       Potion            |     1 |     4 |     3 |     7 ||    15
 Stab: Invisible         |       |       |     1 |     1 ||     2
       Petrified         |       |       |       |     5 ||     5
       Petrifying        |       |       |       |     1 ||     1
Armor: Scale mail        |    50 |    52 |       |       ||   102
       Skin              |     1 |     2 |       |       ||     3
       Chain mail        |       |       |   117 |   123 ||   240
Dodge: Dodged            |    37 |    26 |    41 |    81 ||   185
Block: Buckler           |    20 |    27 |    54 |    50 ||   151
       Kite shield       |       |       |       |    18 ||    18
